 Dungeon Crawl Stone Soup version 0.27.1 (webtiles) character file.

Game seed: 5869046146742100135

3168 pkoi the Grappler (level 9, 0/80 HPs)
             Began as a Troll Fighter on Aug 30, 2021.
             Was an Elder of Elyvilon.
             Slain by an orc warrior (13 damage)
             ... on level 8 of the Dungeon.
             The game lasted 00:07:41 (5996 turns).

pkoi the Grappler (Troll Fighter)                   Turns: 5996, Time: 00:07:41

Health: 0/80       AC:  4    Str: 29    XL:     9   Next: 63%
Magic:  12/12      EV:  9    Int:  4    God:    Elyvilon [****..]
Gold:   494        SH: 10    Dex:  9    Spells: 8/8 levels left

rFire    . . .     SeeInvis .     - Unarmed
rCold    . . .     Faith    .   b - +0 kite shield
rNeg     . . .     Spirit   .   a - +0 robe
rPois    .         Reflect  .   (helmet restricted)
rElec    .         Harm     .   (no cloak)
rCorr    .         Rampage  .   (gloves unavailable)
Will     .....                  (boots unavailable)
Stlth    +.........             q - amulet of the acrobat
HPRegen  1.23/turn              (no ring)
MPRegen  0.13/turn              (no ring)

@: no status effects
A: large, unfitting armour, claws 3, regeneration 1, shaggy fur 1, tough skin 1
a: Renounce Religion, Lesser Healing, Heal Other, Purification, Greater Healing,
Divine Protection


You were on level 8 of the Dungeon.
You worshipped Elyvilon.
Elyvilon was greatly pleased with you.
You visited 2 branches of the dungeon, and saw 9 of its levels.
You also visited: Sewer.

You collected 494 gold pieces.

Inventory:

Missiles
 e - a throwing net
 u - 16 boomerangs (quivered)
Armour
 a - a +0 robe (worn)
 b - a +0 kite shield (worn)
Jewellery
 q - an amulet of the acrobat (around neck)
 r - a ring of ice
Wands
 g - a wand of flame (17)
 h - a wand of charming (10)
Scrolls
 d - 12 scrolls of identify
 f - 2 scrolls of fog
 t - 6 scrolls of teleportation
Potions
 c - 3 potions of might
 i - 6 potions of flight
 j - 3 potions of heal wounds
 k - a potion of cancellation
 l - a potion of curing
 s - a potion of ambrosia


   Skills:
 - Level 2.4 Fighting
 - Level 2.4 Dodging
 + Level 6.3 Shields
 * Level 10.1 Unarmed Combat
 + Level 5.4 Invocations


You had 8 spell levels left.
You didn't know any spells.
Your spell library contained the following spells:

 Spells                   Type           Power      Damage    Failure   Level
 Blink                    Tloc           N/A        N/A       83%         2
 Manifold Assault         Tloc           0%         N/A       100%        5
 Storm Form               Tmut/Air       0%         N/A       100%        7


Dungeon Overview and Level Annotations

Branches:
Dungeon (8/15)             Temple (1/1) D:7           Sewer (visited)
   Lair: D:8-11

Altars:
Ashenzari
Dithmenos
Elyvilon
Fedhas
Gozag
Hepliaklqana
Kikubaaqudgha
Makhleb
Nemelex Xobeh
Qazlal
Ru
Sif Muna
Trog
Uskayaw
Vehumet
Wu Jian
Xom
Yredelemnul
Zin
The Shining One

Shops:
D:8 *


Innate Abilities, Weirdness & Mutations

You are too large for most types of armour.
You have claws for hands.
Your natural rate of healing is unusually fast.
You are covered in fur. (AC +1)
You have tough skin. (AC +1)


Message History

You scratch the ice beast.
The ice beast is almost dead.
The kobold throws a stone.
The stone hits you but does no damage. You block the orc wizard's attack.
The kobold barely misses you. You block the ice beast's attack.
Unknown command.
You closely miss the ice beast.
The ice beast is almost dead.
The kobold hits you with a +0 dagger. You block the ice beast's attack.
You scratch the ice beast.
The ice beast is almost dead.
You block the kobold's attack. The ice beast hits you.
The ice beast freezes you!
You barely miss the ice beast.
The ice beast is almost dead.
The kobold hits you but does no damage. x2; You block the orc warrior's attack.
The kobold hits you but does no damage.
Unknown command.
You mangle the ice beast!!
You kill the ice beast!
You block the kobold's attack.
The orc warrior hits you with a +0 short sword!
* * * LOW HITPOINT WARNING * * *
The orc wizard casts a spell.
The orc wizard flickers and vanishes!
Deactivating autopickup; reactivate with Ctrl-A.
You scratch the orc.
The orc is almost dead.
You block the kobold's attack. x2
The orc hits you with a +0 whip of distortion.
* * * LOW HITPOINT WARNING * * *
Space warps horribly around you!
* * * LOW HITPOINT WARNING * * *
The orc warrior hits you with a +0 short sword.
* * * LOW HITPOINT WARNING * * *
You closely miss the orc.
The orc is almost dead.
The kobold closely misses you.
The orc warrior hits you with a +0 short sword!
You die...

....<# #....# ......
#....# ......# ##....# #
....... #.....####
....... #.....##..
.......## #.....#..#
.......5# #....!..##
.......o########.....###
......{K@o..........##
......KKK##########..#
........K# ##.#
.........# #### #.##
.......... ##..###.∩#
K......... ##......#.##
.........##
#..........## .......##
##......)....#
#.............


You could see an orc warrior, a kobold brigand, a white imp, an orc and 4
kobolds.

Vanquished Creatures
  A centaur warrior (D:8)
  Joseph (D:7)
  A water moccasin (D:6)
  2 orc warriors
  A black bear (D:6)
  2 ice beasts (D:8)
  A necrophage (D:6)
  An ogre (D:4)
  A phantom (D:6)
  3 bullfrogs
  3 scorpions
  2 wyvern skeletons (D:7)
  A bullfrog zombie (D:3)
  2 jellies
  5 hounds
  4 orc priests
  A centaur skeleton (D:6)
  2 bullfrog skeletons
  2 iguanas
  A merfolk siren (Sewer)
  4 orc wizards
  A merfolk avatar (Sewer)
  10 adders
  A howler monkey skeleton (D:6)
  2 river rats (Sewer)
  3 white imps
  3 dart slugs
  21 orcs
  6 bats
  8 endoplasms
  3 giant cockroaches
  8 goblins
  5 hobgoblins
  8 jackals
  4 quokkas
  16 ball pythons
  11 frilled lizards
  A kobold (D:4)
  26 rats
178 creatures vanquished.

Notes
Turn   | Place    | Note
-------+----------+-------------------------------------------
     0 | D:1      | pkoi the Troll Fighter began the quest for the Orb.
     0 | D:1      | Reached XP level 1. HP: 22/22 MP: 0/0
   100 | D:1      | Reached XP level 2. HP: 29/29 MP: 1/1
   115 | D:1      | Found a faded altar of an unknown god.
   287 | D:1      | Reached skill level 3 in Unarmed Combat
   441 | D:1      | Reached XP level 3. HP: 34/36 MP: 2/2
   889 | D:2      | Reached XP level 4. HP: 44/44 MP: 3/3
  1310 | D:3      | Reached skill level 4 in Unarmed Combat
  1508 | D:3      | Noticed a scorpion
  1520 | D:3      | Killed a scorpion
  1521 | D:3      | Reached XP level 5. HP: 9/50 MP: 4/4
  1592 | D:3      | Reached skill level 5 in Unarmed Combat
  1711 | D:3      | Found a white marble altar of Elyvilon.
  1722 | D:3      | Found a stormy altar of Qazlal.
  2055 | D:3      | Became a worshipper of Elyvilon the Healer
  2173 | D:4      | Found a shimmering altar of Xom.
  2176 | D:4      | Found a sparkling altar of Nemelex Xobeh.
  2176 | D:4      | Found an ancient bone altar of Kikubaaqudgha.
  2186 | D:4      | Reached XP level 6. HP: 55/59 MP: 5/5
  2190 | D:4      | Found a radiant altar of Vehumet.
  2190 | D:4      | Found a shimmering altar of Xom.
  2190 | D:4      | Found a shimmering altar of Xom.
  2422 | D:4      | Reached skill level 1 in Invocations
  2625 | D:4      | Reached skill level 6 in Unarmed Combat
  2757 | D:4      | Found a glowing drain.
  2766 | Sewer    | Entered a sewer
  2766 | Sewer    | Reached * piety under Elyvilon
  2806 | Sewer    | Reached XP level 7. HP: 66/66 MP: 7/7
  3230 | D:5      | Entered Level 5 of the Dungeon
  3645 | D:5      | Found an opulent altar of Gozag.
  3878 | D:5      | Reached skill level 7 in Unarmed Combat
  4005 | D:5      | Reached ** piety under Elyvilon
  4405 | D:6      | Reached XP level 8. HP: 74/74 MP: 9/9
  4616 | D:6      | Reached skill level 5 in Shields
  4639 | D:6      | Found a glowing golden altar of the Shining One.
  4720 | D:6      | Reached skill level 8 in Unarmed Combat
  4874 | D:6      | Identified the +5 chain mail of the Demon Prince {rPois}
  5132 | D:7      | Found a bloodstained altar of Trog.
  5220 | D:7      | Reached *** piety under Elyvilon
  5226 | D:7      | Found a shimmering blue altar of Sif Muna.
  5250 | D:7      | Found a staircase to the Ecumenical Temple.
  5255 | D:7      | Noticed Joseph
  5263 | Temple   | Entered the Ecumenical Temple
  5340 | D:7      | Killed Joseph
  5341 | D:7      | Reached skill level 9 in Unarmed Combat
  5341 | D:7      | Reached XP level 9. HP: 80/80 MP: 11/11
  5793 | D:8      | Noticed a centaur warrior
  5804 | D:8      | Killed a centaur warrior
  5805 | D:8      | Reached skill level 5 in Invocations
  5908 | D:8      | Found Nuissov's General Store.
  5934 | D:8      | Reached **** piety under Elyvilon
  5982 | D:8      | Reached skill level 10 in Unarmed Combat
  5996 | D:8      | Slain by an orc warrior

Illustrated notes

Levels and vault maps discovered:
D:1:      kennysheep_arrival_seaside, layout_basic,
          ebering_ecumenical_altar_abandoned, minivault_14,
          nrook_mini_backslash, minmay_indecisive_spiral
D:2:      layout_basic
D:3:      layout_loops_cross, amethyst_overflow_temple_binary,
          minmay_snake_closets
D:4:      layout_loops_ring, doesnt_xom_only_xom, portal_sewer_entry_d
D:5:      layout_cave_pods, mainiacjoe_overflow_24_doors,
          guppyfry_early_orc_mine
D:6:      layout_basic, tso_metal_star, serial_rivers,
          chequers_serial_rivers_micro_d, chequers_serial_rivers_small_3,
          chequers_serial_rivers_room_b, chequers_serial_rivers_small_b,
          chequers_serial_rivers_small_a, chequers_serial_rivers_small_b
D:7:      layout_basic, mainiacjoe_overflow_brackets, minmay_temple_entry_waves,
          kennysheep_diamond, david_defended_altar_orc, uniq_joseph
D:8:      layout_cave_pods, mainiacjoe_overflow_small_starburst, serial_shops,
          shop, minmay_microvault
Temple:   cyrus_circular_temple

Skill      XL: |  1  2  3  4  5  6  7  8  9 |
---------------+----------------------------+-----
Unarmed Combat | 3 4 5 6 7 9 10 | 10.1
Shields        | 3 4 5 6 |  6.3
Invocations    | 1 3 4 5 |  5.4
Fighting       | |  2.4
Dodging        | |  2.4

Action                   |  1- 3 |  4- 6 |  7- 9 || total
-------------------------+-------+-------+-------++-------
Melee: Unarmed           |    82 |   166 |   291 ||   539
  Use: Scroll            |     3 |       |     3 ||     6
       Potion            |       |       |     9 ||     9
 Stab: Sleeping          |       |     1 |       ||     1
Armor: Robe              |    32 |    48 |    80 ||   160
Dodge: Dodged            |    21 |    50 |    87 ||   158
Block: Kite shield       |    38 |    60 |   128 ||   226
